 Dungeon Crawl Stone Soup version 0.22.0-40-g68aacdc (webtiles) character file.

36 Folque the Caller (level 3, 0/15 HPs)
             Began as a Felid Summoner on Sept 1, 2018.
             Succumbed to an adder's poison
             ... on level 2 of the Dungeon.
             The game lasted 00:06:43 (2444 turns).

Folque the Caller (Felid Summoner)                  Turns: 2444, Time: 00:06:43

Health: 0/15       AC:  1    Str:  4    XL:     3   Next: 19%
Magic:  3/7        EV: 18    Int: 17    God:
Gold:   151        SH:  0    Dex: 16    Spells: 3/6 levels left
                                        Lives:  0   Deaths: 0

rFire    . . .     SeeInvis +   (weapon unavailable)
rCold    . . .     Gourm    .   (shield unavailable)
rNeg     . . .     Faith    .   (armour unavailable)
rPois    .         Spirit   .   (helmet unavailable)
rElec    .         Reflect  .   (cloak unavailable)
rCorr    .         Harm     .   (gloves unavailable)
MR       .....                  (boots unavailable)
Stlth    +++.......             (no amulet)
HPRegen  0.05/turn              (no ring)
MPRegen  0.10/turn              (no ring)

@: lethally poisoned (0 -> -12), about to teleport, quick
A: very small, no armour, no weapons or thrown items, stealth, claws 1, fangs 3,
see invisible, carnivore, speed 1, shaggy fur 1, slow metabolism 1, sharp paws
a: no special abilities


You were on level 2 of the Dungeon.
You were very full.

You visited 1 branch of the dungeon, and saw 2 of its levels.

You collected 151 gold pieces.

Inventory:

Scrolls
 a - a scroll of identify
 c - 3 scrolls of remove curse
 e - a scroll of fear
Comestibles
 b - 6 rations
 g - a chunk of flesh


   Skills:
 + Level 1.1 Fighting
 - Level 2.6 Dodging
 - Level 2.6 Stealth
 + Level 2.3 Spellcasting
 * Level 4.6 Summonings


You had 3 spell levels left.
You knew the following spells:

 Your Spells              Type           Power        Failure   Level  Hunger
a - Summon Small Mammal   Summ           ###.         2%          1    #......
b - Call Imp              Summ           ###.....     4%          2    ##.....

Your spell library contained the following spells:

 Spells                   Type           Power        Failure   Level  Hunger
 Call Canine Familiar     Summ           ###.....     9%          3    ###....
 Summon Guardian Golem    Hex/Summ       #.......     22%         3    ###....
 Summon Ice Beast         Ice/Summ       #.......     58%         4    #####..
 Summon Lightning Spire   Summ/Air       #.......     58%         4    #####..


Dungeon Overview and Level Annotations

Branches:
Dungeon (2/15)

Altars:


Innate Abilities, Weirdness & Mutations

You cannot wear armour.
You are incapable of wielding weapons or throwing items.
Your paws allow you to move quietly. (Stealth)
You have sharp claws.
You have razor-sharp teeth.
You have supernaturally acute eyesight. (SInv)
You are carnivorous and can eat meat at any time.
You cover ground quickly.
You are covered in fur. (AC +1)
You have a slow metabolism.
Your sharp claws are effective at attacking unaware monsters.


Message History

The puff of frost misses the adder.
The puff of frost hits your bat.
Your bat dies!
Your bat's corpse disappears in a puff of smoke!
* * * LOW HITPOINT WARNING * * *
You feel sick.
Your bat hits the adder.
As you read the scroll labeled NOHAENKYTOSK, it crumbles to dust.
You assume a fearsome visage.
Your white imp is unaffected.
The adder looks frightened!
It was a scroll of fear.
* * * LOW HITPOINT WARNING * * *
You feel sick.
Your bat closely misses the adder.
Your bat misses the adder.
Your white imp misses the adder.
As you read the scroll labeled IKIMIX SEIKH, it crumbles to dust.
You feel aware of your surroundings.
It was a scroll of magic mapping.
* * * LOW HITPOINT WARNING * * *
You feel sick.
Your bat barely misses the adder.
Your white imp misses the adder.
As you read the scroll labeled CUCOGOK TIMY, it crumbles to dust.
You feel strangely unstable.
It was a scroll of teleportation.
You die...

.#..##..##.......#*,,,,,,,,,,,,,*
...#.#####.......#*,,,,,,,,,,,,,*
.#..#.####.......#*,,,,,,,,,,,,,*
.......#....[.[..#***************
.#.#.#.##...>....# *
#..........^.....####### *
..#.......รท............# *
...#......###....b.....# *
....#.....# #...@..S..># ********
..........# #.....5....# *,,,,,,,
..........# ############ *,******
#.#.#.....# *,* ..#.#.....#*****
*,* ..#.#.......,,,* *,*
###.#....###**,* *,*
,,#.#,...#****,* *,*
,,*.#,,,,,,,,,,***********+****


You could see an adder (fleeing), a friendly white imp and a friendly bat.

Vanquished Creatures
  A dart slug (D:1)
  3 goblins
  3 bats
  3 frilled lizards
  2 kobolds (D:1)
  3 rats (D:1)
15 creatures vanquished.

Vanquished Creatures (collateral kills)
  An adder (D:2)
  An ooze (D:2)
  A worm (D:1)
  3 hobgoblins
  A bat (D:1)
  A frilled lizard (D:1)
  6 kobolds (D:1)
  A rat (D:1)
15 creatures vanquished.

Grand Total: 30 creatures vanquished

Notes
Turn   | Place    | Note
-------+----------+-------------------------------------------
     0 | D:1      | Folque the Felid Summoner began the quest for the Orb.
     0 | D:1      | Reached XP level 1. HP: 7/7 MP: 4/4
  1016 | D:1      | Reached XP level 2. HP: 11/12 MP: 1/6
  1032 | D:1      | Learned a level 2 spell: Call Imp
  1888 | D:2      | Reached skill level 1 in Fighting
  1888 | D:2      | Reached XP level 3. HP: 7/15 MP: 3/7
  2444 | D:2      | Succumbed to an adder's poison

Skill      XL: |  1  2 |
---------------+-------+-----
Fighting       | 1 |  1.1
Dodging        | |  2.6
Stealth        | |  2.6
Spellcasting   | |  2.3
Summonings     | |  4.6

Action                   || total
-------------------------++-------
Melee: Unarmed           ||    80
       Bite              ||     5
 Cast: Summon Small Mamm ||    34
       Call Imp          ||     6
  Use: Scroll            ||     5
 Stab: Sleeping          ||     7
  Eat: Chunk             ||    10
Armor: Skin              ||     8
Dodge: Dodged            ||    68
